 Dungeon Crawl Stone Soup version 0.27-a0-223-ge082b6e869 (webtiles) character file.

Game seed: 9619649021493200861

3429 Zyracius the Grappler (level 9, -1/80 HPs)
             Began as a Troll Monk on Feb 1, 2021.
             Was an Initiate of Gozag.
             Slain by a manticore (17 damage)
             ... on level 7 of the Dungeon.
             The game lasted 00:24:08 (5741 turns).

Zyracius the Grappler (Troll Monk)                  Turns: 5741, Time: 00:24:09

Health: -1/80      AC:  8    Str: 22    XL:     9   Next: 76%
Magic:  8/8        EV: 16    Int:  6    God:    Gozag
Gold:   611        SH:  0    Dex: 20    Spells: 8/8 levels left

rFire    . . .     SeeInvis .     - Unarmed
rCold    + . .     Faith    .   (no shield)
rNeg     + . .     Spirit   .   M - +0 robe {rC+}
rPois    .         Reflect  .   (helmet restricted)
rElec    .         Harm     .   k - +1 cloak
rCorr    .         Rampage  .   (gloves unavailable)
Will     .....                  (boots unavailable)
Stlth    +.........             G - amulet of regeneration
HPRegen  1.03/turn              I - +6 ring of dexterity
MPRegen  0.11/turn              H - ring of positive energy

@: confused, barbed spikes
A: large, unfitting armour, claws 3, regeneration 1, shaggy fur 1, tough skin 3
a: Renounce Religion, Potion Petition, Call Merchant, Bribe Branch


You were on level 7 of the Dungeon.
You worshipped Gozag.
Gozag was pleased with you.
You visited 2 branches of the dungeon, and saw 8 of its levels.

You collected 611 gold pieces.

Inventory:

Missiles
 l - 9 javelins (quivered)
 E - 8 silver boomerangs
Armour
 k - a +1 cloak (worn)
 M - a +0 robe of cold resistance (worn)
Jewellery
 h - an uncursed amulet of the acrobat
 v - a +4 ring of evasion
 A - an uncursed ring of poison resistance
 G - an amulet of regeneration (around neck)
 H - a ring of positive energy (right claw)
 I - a +6 ring of dexterity (left claw)
 K - an uncursed ring of protection from cold
Wands
 a - a wand of acid (7)
 r - a wand of digging (7)
Scrolls
 f - 2 scrolls of teleportation
 g - 3 scrolls of remove curse
 j - 3 scrolls of enchant armour
 t - 3 scrolls of fog
 y - 3 scrolls of magic mapping
Potions
 d - 2 potions of curing {unknown}
 e - a potion of mutation {unknown}
 i - 4 potions of haste {unknown}
 m - 3 potions of heal wounds {unknown}
 n - a potion of lignification {unknown}
 o - a potion of attraction {unknown}
 q - a potion of magic {unknown}
 s - 2 potions of might {unknown}
 w - a potion of cancellation {unknown}
 x - 2 potions of resistance {unknown}
 z - 2 potions of brilliance {unknown}
 J - a potion of flight {unknown}


   Skills:
 - Level 2.4 Fighting
 + Level 8.7 Dodging
 - Level 1.0 Stealth
 + Level 10.3 Unarmed Combat


You had 8 spell levels left.
You didn't know any spells.
Your spell library was empty.

Dungeon Overview and Level Annotations

Branches:
Dungeon (7/15)             Temple (1/1) D:6

Altars:
Ashenzari
Cheibriados
Elyvilon
Fedhas
Gozag
Hepliaklqana
Sif Muna
Trog
Uskayaw
Vehumet
Wu Jian
Zin
The Shining One


Innate Abilities, Weirdness & Mutations

You are too large for most types of armour.
You have claws for hands.
Your natural rate of healing is unusually fast.
You are covered in fur. (AC +1)
You have extremely tough skin. (AC +3)


Message History

The manticore bites you!
The manticore claws you but does no damage. x2
You scratch the manticore.
The manticore is severely wounded.
The manticore bites you! The manticore closely misses you.
The manticore claws you.
* * * LOW HITPOINT WARNING * * *
The orc warrior misses you.
You scratch the manticore.
The manticore is severely wounded.
The manticore bites you.
* * * LOW HITPOINT WARNING * * *
The manticore barely misses you. The manticore claws you!
* * * LOW HITPOINT WARNING * * *
The orc warrior misses you.
It was a potion of ambrosia.
You are confused.
You feel invigorated. The manticore bites you!
You die...
Your body crumbles into a pile of gold.

,,,*,*,***,*****,*****,***,,*,*
,,,*,*,****,,**,****,,,,,*,,*,*
,,,*,*,**,**,**,,*,*****,*,,*,*
####.,,,*,,*,,##,*,,,,,,,,,,*,*
##...,,#,***,*..*,,*,***,*,,*,*
.#.#**.#,,,,,*,.##**,,,,,*,,*,*
...###.##*,**###.###**,***,,*,*
.......#..,* #..Ho.#,#,*,*,,*,*
...."..#..####..@).#.#.#,*,,*,*
.....#...#.#.....=....#,,,,,*,***
.....#.####..#.):..#.#.#,*,,,,,,,
.....#.# #...#.....#$#,*,*,,,,***
##..##.###.#####.###**,***,,,,*
###'##.#.....# #.#**,,*,,*,,,,*
.......#.#...#*##.**,*,*,*,,,,***
...........#..#**.#.,*,*,,,,,,,,,
.......#.#...#.###.#,*,*,*,,,****


You could see a manticore and an orc warrior.

Vanquished Creatures
  Grinder (D:3)
  A yak (D:7)
  Menkaure (D:7)
  An orc warrior (D:7)
  2 eyes of draining (D:6)
  2 sky beasts
  8 ogres
  2 centaurs
  3 bullfrogs
  A big kobold (D:6)
  4 scorpions
  A wyvern skeleton (D:6)
  3 howler monkeys
  A quasit (D:5)
  6 hounds
  3 jellies
  4 orc priests
  An iguana (D:5)
  10 worker ants
  2 orc wizards
  A killer bee zombie (D:7)
  2 hound skeletons
  A worker ant zombie (D:5)
  4 gnolls
  6 adders
  A shadow imp (D:5)
  A white imp (D:7)
  An ufetubus (D:4)
  An ooze (D:3)
  An adder zombie (D:5)
  An adder skeleton (D:4)
  2 worms
  4 dart slugs
  3 leopard geckos
  23 orcs
  4 bats
  7 giant cockroaches
  11 goblins
  5 hobgoblins
  8 jackals
  8 kobolds
  3 quokkas
  2 ball pythons
  9 frilled lizards
  7 rats
173 creatures vanquished.

Notes
Turn   | Place    | Note
-------+----------+-------------------------------------------
     0 | D:1      | Zyracius the Troll Monk began the quest for the Orb.
     0 | D:1      | Reached XP level 1. HP: 22/22 MP: 0/0
    72 | D:1      | Reached XP level 2. HP: 29/29 MP: 1/1
   223 | D:1      | Reached XP level 3. HP: 36/36 MP: 2/2
   878 | D:2      | Reached skill level 4 in Unarmed Combat
  1149 | D:2      | Reached XP level 4. HP: 44/44 MP: 3/3
  1616 | D:3      | Found a faded altar of an unknown god.
  1945 | D:3      | Reached XP level 5. HP: 50/50 MP: 4/4
  2096 | D:3      | Found a broken altar of Ashenzari.
  2141 | D:3      | Noticed Grinder
  2160 | D:3      | Killed Grinder
  2161 | D:3      | Reached skill level 5 in Unarmed Combat
  2161 | D:3      | Reached XP level 6. HP: 26/59 MP: 5/5
  2425 | D:4      | Found an ornate altar of the Wu Jian Council.
  2425 | D:4      | Found a radiant altar of Vehumet.
  2587 | D:4      | Reached skill level 5 in Dodging
  2587 | D:4      | Reached skill level 6 in Unarmed Combat
  2587 | D:4      | Reached XP level 7. HP: 36/66 MP: 6/6
  3539 | D:5      | Entered Level 5 of the Dungeon
  3545 | D:5      | Reached skill level 7 in Unarmed Combat
  3629 | D:5      | Reached XP level 8. HP: 74/74 MP: 7/7
  3859 | D:5      | Found a glowing golden altar of the Shining One.
  3961 | D:5      | Found a glowing silver altar of Zin.
  4150 | D:5      | Reached skill level 8 in Unarmed Combat
  4326 | D:6      | Found a bloodstained altar of Trog.
  4566 | D:6      | Reached XP level 9. HP: 80/80 MP: 8/8
  4588 | D:6      | Reached skill level 9 in Unarmed Combat
  4829 | D:6      | Found a staircase to the Ecumenical Temple.
  4838 | Temple   | Entered the Ecumenical Temple
  4891 | Temple   | Became a worshipper of Gozag Ym Sagoz the Greedy
  5344 | D:7      | Noticed Menkaure
  5353 | D:7      | Killed Menkaure
  5480 | D:7      | Reached skill level 10 in Unarmed Combat
  5729 | D:7      | Noticed a manticore
  5741 | D:7      | Slain by a manticore

Illustrated notes

Levels and vault maps discovered:
D:1:      co_arrival_square_in_a_square_in_a_square, layout_basic,
          minmay_misc_feat_pillars, minmay_box_of_dots
D:2:      layout_loops_corners, palyth_stone_intersect, minmay_tiny_reverse_x
D:3:      layout_loops_ring, ashenzari_conservatory_becter,
          chequers_ecumenical_altar_simple, uniq_grinder
D:4:      layout_layer_cave, gammafunk_temple_overflow_wave, chequers_jeans,
          grunt_decor_arrowhead
D:5:      minmay_chambers_of_threes, layout_cave_pools,
          nicolae_overflow_hidden_temple, tso_altar, zin_scriptorium
D:6:      layout_cave_pods, minmay_temple_entry_antechambers,
          nicolae_zen_rock_garden, trog_eyes_of_draining
D:7:      minmay_the_grid_square_5x5_3x3 [minmay_the_grid_square_5x5_six,
          minmay_the_grid_square_5x5_comb,
          minmay_the_grid_square_5x5_sharp_hourglass,
          minmay_the_grid_square_5x5_tetrominoes,
          minmay_the_grid_square_5x5_megaprize_open,
          minmay_the_grid_square_5x5_seven, minmay_the_grid_square_5x5_longway,
          minmay_the_grid_square_5x5_inverted_slash,
          minmay_the_grid_square_5x5_three_walls], layout_basic, uniq_menkaure
Temple:   jpeg_temple_island

Skill      XL: |  1  2  3  4  5  6  7  8  9 |
---------------+----------------------------+-----
Dodging        | 3 4 5 6 7 8 |  8.7
Unarmed Combat | 4 5 6 7 8 10 | 10.3
Fighting       | |  2.4
Stealth        | |  1.0

Action                   |  1- 3 |  4- 6 |  7- 9 || total
-------------------------+-------+-------+-------++-------
Melee: Unarmed           |    84 |   152 |   285 ||   521
       Punch             |     1 |       |    15 ||    16
  Use: Scroll            |       |       |    18 ||    18
       Potion            |       |       |     1 ||     1
 Stab: Sleeping          |     5 |     3 |     2 ||    10
       Distracted        |       |       |     1 ||     1
Armor: Robe              |    24 |    46 |    62 ||   132
Dodge: Dodged            |    46 |    77 |   162 ||   285

Table legend: (Time is in decaauts)
 A = Elapsed time spent in this place.
 B = Non-inter-level travel time spent in this place.
 C = Inter-level travel time spent in this place.
 D = Time resting spent in this place.
 E = Time spent auto-exploring this place.
 F = Levels seen in this place.
 G = Mean time per level.
                   A        B        C        D        E       F      G
               +--------+--------+--------+--------+--------+-----+--------+
         Total |   5675 |   5543 |    132 |     70 |   4358 |   8 |  709.4 |
       Dungeon |   5603 |   5471 |    132 |     70 |   4311 |   7 |  800.4 |
        Temple |     71 |     71 |      0 |      0 |     47 |   1 |   71.0 |
               +--------+--------+--------+--------+--------+-----+--------+

Top non-repeatable levels by time:
     D:4: 1172 daAuts
     D:6: 880 daAuts
     D:1: 806 daAuts
     D:2: 801 daAuts
     D:5: 760 daAuts
     D:3: 732 daAuts
     D:7: 450 daAuts
  Temple: 71 daAuts
